 Dungeon Crawl Stone Soup version 0.22.1-2-g9c5b331 (webtiles) character file.

207 tognito the Chopper (level 5, 0/45 HPs)
             Began as a Minotaur Berserker on Dec 30, 2018.
             Was a Priest of Trog.
             Succumbed to a scorpion's poison
             ... on level 4 of the Dungeon.
             The game lasted 00:04:40 (2834 turns).

tognito the Chopper (Minotaur Berserker)            Turns: 2834, Time: 00:04:40

Health: 0/45       AC:  3    Str: 22    XL:     5   Next: 54%
Magic:  4/4        EV: 12    Int:  4    God:    Trog [***...]
Gold:   144        SH:  0    Dex: 10    Spells: 4/4 levels left

rFire    x . .     SeeInvis .   a - +0 hand axe
rCold    + . .     Gourm    .   (no shield)
rNeg     . . .     Faith    .   b - +0 animal skin
rPois    .         Spirit   .   (helmet restricted)
rElec    .         Reflect  .   j - +0 cloak
rCorr    .         Harm     .   (no gloves)
MR       .....                  (no boots)
Stlth    +.........             (no amulet)
HPRegen  0.15/turn              e - ring of ice
MPRegen  0.09/turn              (no ring)

@: lethally poisoned (0 -> -12), berserk cooldown, slowed, very slow
A: retaliatory headbutt, horns 2
a: Berserk, Trog's Hand, Renounce Religion


You were on level 4 of the Dungeon.
You worshipped Trog.
Trog was most pleased with you.
You were very hungry.

You visited 1 branch of the dungeon, and saw 4 of its levels.

You collected 144 gold pieces.

Inventory:

Hand Weapons
 a - a +0 hand axe (weapon)
Missiles
 d - 25 arrows
 f - 19 bolts
Armour
 b - a +0 animal skin (worn)
 j - a +0 cloak (worn)
Jewellery
 e - a ring of ice (left hand)
Wands
 i - a wand of flame (31)
Scrolls
 g - 4 scrolls of identify {unknown}
 h - 2 scrolls of teleportation {unknown}
 l - a scroll of fear {unknown}
 m - a scroll of magic mapping {unknown}
 n - a scroll of immolation {unknown}
 o - a scroll of remove curse {unknown}
 p - a scroll of enchant armour {unknown}
 q - a scroll of amnesia {unknown}
Potions
 r - a potion of curing
Comestibles
 c - 9 rations


   Skills:
 - Level 3.6 Fighting
 + Level 7.6 Axes
 - Level 2.4 Armour
 - Level 2.1 Dodging


You had 4 spell levels left.
You didn't know any spells.
Your spell library was empty.

Dungeon Overview and Level Annotations

Branches:
Dungeon (4/15)
 Temple: D:4-7

Altars:
Zin


Innate Abilities, Weirdness & Mutations

You reflexively headbutt those who attack you in melee.
You have a pair of horns on your head.


Message History

The scorpion is severely wounded.
* * * LOW HITPOINT WARNING * * *
You feel sick.
You hit the scorpion.
You kill the scorpion!
Trog accepts your kill.
* * * LOW HITPOINT WARNING * * *
You feel sick.
You are too berserk!
* * * LOW HITPOINT WARNING * * *
You feel sick.
You see here an adder corpse.
You feel a strong urge to attack something.
* * * LOW HITPOINT WARNING * * *
You feel sick.
You are too berserk!
You feel your anger nearly subside.
You are no longer berserk.
You are exhausted.
You feel yourself slow down.
You die...

. .. #.. #
#...######+####.####
.......?............
............<.......
.......@..†.........
.............##...##
.............# ###
##..###......# #.
#......# #.
.......... #
.........##.
.....(...#


There were no monsters in sight!

Vanquished Creatures
  A scorpion (D:4)
  An orc wizard (D:3)
  Robin (D:2)
  An adder (D:4)
  An ooze (D:3)
  An adder skeleton (D:3)
  3 worms (D:2)
  2 dart slugs
  3 leopard geckos
  6 orcs (D:3)
  A ball python (D:1)
  3 giant cockroaches
  8 goblins
  11 hobgoblins
  5 jackals
  12 kobolds
  A quokka (D:2)
  7 bats
  4 frilled lizards
  7 rats
79 creatures vanquished.

Notes
Turn   | Place    | Note
-------+----------+-------------------------------------------
     0 | D:1      | tognito the Minotaur Berserker began the quest for the Orb.
     0 | D:1      | Reached XP level 1. HP: 19/19 MP: 0/0
    19 | D:1      | Reached skill level 4 in Axes
    43 | D:1      | Reached XP level 2. HP: 13/26 MP: 1/1
   805 | D:1      | Reached skill level 5 in Axes
   988 | D:2      | Noticed Robin
   991 | D:2      | Reached ** piety under Trog
   991 | D:2      | Reached XP level 3. HP: 31/31 MP: 2/2
  1000 | D:2      | Killed Robin
  1549 | D:2      | Reached XP level 4. HP: 39/39 MP: 3/3
  1637 | D:2      | Reached skill level 6 in Axes
  1813 | D:2      | Found a glowing silver altar of Zin.
  2074 | D:3      | Reached *** piety under Trog
  2230 | D:3      | Reached XP level 5. HP: 45/45 MP: 4/4
  2298 | D:3      | Reached skill level 7 in Axes
  2829 | D:4      | HP: 3/67 [poisoned by a scorpion]
  2831 | D:4      | HP: 1/67 [poisoned by a scorpion]
  2834 | D:4      | Succumbed to a scorpion's poison

Skill      XL: |  1  2  3  4  5 |
---------------+----------------+-----
Axes           | 4 5 6 7 |  7.6
Fighting       | |  3.6
Armour         | |  2.4
Dodging        | |  2.1

Action                   |  1- 3 |  4- 6 || total
-------------------------+-------+-------++-------
Melee: Hand axe          |    78 |    78 ||   156
       Headbutt          |     7 |    13 ||    20
Invok: Berserk           |     1 |     1 ||     2
  Use: Potion            |     2 |     2 ||     4
  Eat: Chunk             |     3 |     4 ||     7
Armor: Animal skin       |    15 |    10 ||    25
Dodge: Dodged            |    45 |    55 ||   100
